[Event "Titled Tuesday Blitz July 6 2021"]
[White "Yandarbiev, Ruslan"]
[Black "Hebden, Mark L"]
[WhiteFideId "4115023"]
[BlackFideId "400084"]
[WhiteElo "2114"]
[BlackElo "2457"]
[Result "0-1"]
[Round "08"]
[TimeControl "180+1"]
[Date "2021.07.06"]
[WhiteClock "0:00:54"]
[BlackClock "0:01:29"]

1. e4 e5 2. Nf3 Nc6 3. Bb5 a6 4. Ba4 Nf6 5. O-O Be7 6. Bxc6 dxc6 7. d3 Nd7 8. h3 c5 9. Nbd2 b5 10. a4 Rb8 11. b3 Bd6 12. Bb2 O-O 13. axb5 axb5 14. Ra7 Re8 15. Qa1 f6 16. Nh4 g6 17. Nhf3 Nf8 18. Nh2 Ne6 19. Ndf3 c4 20. bxc4 bxc4 21. d4 exd4 22. Nxd4 Rxb2 23. Nxe6 Bxh2+ 24. Kxh2 Qd6+ 25. f4 Rb7 26. Rxb7 Bxb7 27. Nd4 Rxe4 28. Nb5 Qc6 29. Na7 Qb6 30. Rd1 Re2 31. Rd8+ Kf7 0-1


[Site "https://www.chess.com"]

[Event "Titled Tuesday Blitz July 6 2021"]
[White "Zemach, Roee"]
[Black "Terletsky, Oleg"]
[WhiteFideId "2818531"]
[BlackFideId "14116774"]
[WhiteElo "2131"]
[BlackElo "2094"]
[Result "0-1"]
[Round "08"]
[TimeControl "180+1"]
[Date "2021.07.06"]
[WhiteClock "0:00:05"]
[BlackClock "0:00:07"]

1. e4 e5 2. Nf3 Nc6 3. Bb5 a6 4. Ba4 Nf6 5. O-O Be7 6. Re1 b5 7. Bb3 d6 8. c3 O-O 9. h3 Bb7 10. d3 Na5 11. Bc2 c5 12. Nbd2 Re8 13. Nf1 Bf8 14. Ng3 d5 15. Bg5 h6 16. Bd2 d4 17. cxd4 cxd4 18. Nf5 Kh7 19. Nh2 g6 20. Ng3 Rc8 21. Rf1 Bd6 22. b4 Nc6 23. a3 Rc7 24. Bb3 Bc8 25. Qb1 Qe7 26. Qa2 Be6 27. Rfb1 Bxb3 28. Qxb3 Rec8 29. a4 Rb8 30. axb5 Rxb5 31. Qa4 Nxb4 32. Bxb4 Rxb4 33. Qxa6 Rxb1+ 34. Rxb1 Kg7 35. Nf3 Nd7 36. Rb7 Nc5 37. Rxc7 Qxc7 38. Qc4 Qb6 39. Kh2 Qb1 40. Nxe5 Bxe5 41. Qxc5 Bxg3+ 42. fxg3 Qxd3 43. Qe5+ Kg8 44. Qe8+ Kg7 45. Qe5+ Kg8 46. h4 h5 47. Qe8+ Kg7 48. Qe5+ Kg8 49. Qd5 Qe3 50. Qe5 d3 51. Qe8+ Kg7 52. Qe5+ Kf8 53. Qd6+ Ke8 54. Qe5+ Kd7 55. Qd5+ Kc7 56. Qxf7+ Kb6 57. Qxg6+ Kb5 58. Qf5+ Kc4 59. Qd5+ Kc3 60. e5 d2 61. e6 Kc2 62. Qc4+ Kb1 63. Qb4+ Kc2 64. Qa4+ Kc1 65. Qa1+ Kc2 66. Qa2+ Kc1 67. Qc4+ Kb2 68. Qb4+ Kc2 69. Qc4+ Kb1 70. Qb4+ Ka2 71. Qa4+ Kb2 72. Qd1 Kc3 73. Qa4 Qxe6 74. Qa3+ Qb3 75. Qc5+ Kb2 76. Qd4+ Qc3 77. Qb6+ Kc1 78. Qh6 Kc2 79. Qg6+ Kb2 80. Qxh5 Qc2 81. Qb5+ Kc1 82. Qg5 Kb1 83. Qb5+ Kc1 84. Qg5 Kb2 85. Qb5+ Qb3 86. Qe2 Kc1 0-1


[Site "https://www.chess.com"]

[Event "Titled Tuesday Blitz July 6 2021"]
[White "Zhuravlev, Alexey"]
[Black "Wagh Suyog"]
[WhiteFideId "4164199"]
[BlackFideId "25071688"]
[WhiteElo "2459"]
[BlackElo "2219"]
[Result "1-0"]
[Round "08"]
[TimeControl "180+1"]
[Date "2021.07.06"]
[WhiteClock "0:01:30"]
[BlackClock "0:00:02"]

1. e4 b6 2. d4 Bb7 3. Nc3 e6 4. f3 Ne7 5. Be3 d6 6. Qd2 Nd7 7. Nge2 h6 8. O-O-O g6 9. h4 Bg7 10. h5 g5 11. f4 gxf4 12. Nxf4 a6 13. g4 b5 14. Bg2 b4 15. Nb1 a5 16. Nh3 Nb6 17. b3 a4 18. g5 hxg5 19. Bxg5 axb3 20. axb3 c5 21. h6 Bxd4 22. Rdf1 Ra2 23. Bf6 Bxf6 24. Rxf6 Nc6 25. Rhf1 Nd4 26. Rxf7 Rxc2+ 27. Qxc2 Nxc2 28. Rxb7 Ne3 29. Rff7 Nxg2 30. h7 Nh4 31. Rg7 Kf8 32. Rbf7+ Ke8 33. Nf4 Qe7 34. Rxe7+ Kf8 35. Nxe6# 1-0


[Site "https://www.chess.com"]

[Event "Titled Tuesday Blitz July 6 2021"]
[White "Zubov, Alexander"]
[Black "Nakamura, Hikaru"]
[WhiteFideId "14109409"]
[BlackFideId "2016192"]
[WhiteElo "2740"]
[BlackElo "2900"]
[Result "0-1"]
[Round "08"]
[TimeControl "180+1"]
[Date "2021.07.06"]
[WhiteClock "0:00:02"]
[BlackClock "0:00:10"]

1. d4 f5 2. Nc3 Nf6 3. Bg5 d5 4. e3 e6 5. Nf3 Be7 6. Bd3 O-O 7. Ne2 c5 8. c3 Nc6 9. O-O a6 10. a4 Bd6 11. Bf4 c4 12. Bc2 Rb8 13. b4 b5 14. Ne5 Bxe5 15. Bxe5 Rb7 16. f3 Rbf7 17. Qd2 Nd7 18. Bd6 Re8 19. axb5 axb5 20. Ra2 Nb6 21. Bg3 g5 22. h4 h6 23. Kf2 Rh7 24. Rh1 Ree7 25. Raa1 Reg7 26. Rh2 Qf6 27. Rah1 Qf8 28. Be5 Nxe5 29. dxe5 g4 30. f4 Ra7 31. Bb1 Rhb7 32. Nd4 Bd7 33. Kg3 Ra3 34. Qb2 Rba7 35. Re1 h5 36. Rhh1 Qa8 37. Rc1 Kf7 38. Rhe1 Nc8 39. Qd2 Ne7 40. Red1 Ra1 41. Qb2 R1a6 42. Qd2 Ra3 43. Qb2 Ra1 44. Qd2 R7a6 45. Qb2 R1a3 46. Qd2 Qg8 47. Qb2 Nc8 48. Qd2 Nb6 49. Qb2 Kg6 50. Re1 Qc8 51. Red1 Qa8 52. Re1 Nc8 53. Red1 Ra7 54. Re1 R3a6 55. Red1 Ne7 56. Qd2 Rb6 57. Re1 Qb7 58. Bc2 Rba6 59. Bb1 Nc6 60. Nc2 Bc8 61. Red1 Qb6 62. Re1 Ra4 63. Red1 Kf7 64. Re1 Ke7 65. Red1 Bd7 66. Re1 R7a6 67. Red1 Qa7 68. Re1 Nd8 69. Red1 Nc6 70. Re1 Qa8 71. Red1 Ra7 72. Re1 R4a6 73. Red1 Be8 74. Re1 Kf8 75. Red1 Qd8 76. Qe1 Qe7 77. Kh2 Qf7 78. g3 Qc7 79. Qd2 Qb8 80. Kg1 Qa8 81. Kf2 Nb8 82. Qe2 Ke7 83. Qd2 Nd7 84. Qe2 Nb8 85. Qd2 Nc6 86. Qe2 Ra4 87. Kg1 R7a6 88. Kf2 Qa7 89. Qd2 Bd7 90. Qe2 Qc7 91. Qd2 Ra8 92. Qe2 Be8 93. Qd2 Bf7 94. Qe2 Kf8 95. Qd2 Be8 96. Qe2 Qb7 97. Kg1 Kg7 98. Kf2 d4 99. exd4 Ne7 100. Ne3 Nd5 101. Kg1 Bc6 102. Re1 Ra3 103. Qd2 Nxe3 104. Rxe3 Bd5 105. Re2 R8a7 106. Kf2 Qa8 107. Kg1 Bf3 108. Ree1 Bd5 109. Re2 Rb3 110. Ree1 Ra1 111. Bc2 Rxc1 112. Rxc1 Ra3 113. Bb1 Ra1 114. Qb2 Bh1 115. Kh2 Bc6 116. Kg1 Ra3 117. Kh2 Rb3 118. Qd2 Qa3 119. Kg1 Rb2 120. Bc2 Qa2 121. d5 Bxd5 122. Qf2 Kg6 0-1


[Site "https://www.chess.com"]

[Event "Titled Tuesday Blitz July 6 2021"]
[White "Zubritskiy, Artyom"]
[Black "Flores Quillas, Diego Saul Rodri"]
[WhiteFideId "4181247"]
[BlackFideId "3822508"]
[WhiteElo "2721"]
[BlackElo "2564"]
[Result "0-1"]
[Round "08"]
[TimeControl "180+1"]
[Date "2021.07.06"]
[WhiteClock "0:00:01"]
[BlackClock "0:00:04"]

1. d4 Nf6 2. c4 c5 3. dxc5 Na6 4. Nc3 Nxc5 5. g3 g6 6. Bg2 Bg7 7. Nf3 O-O 8. Nd4 d6 9. O-O Bd7 10. b3 Rb8 11. Bb2 h5 12. h3 a5 13. Qd2 Qc7 14. Rfc1 Rfc8 15. Rab1 Qd8 16. Ba1 Bc6 17. Nxc6 bxc6 18. Qc2 Nfd7 19. Rd1 Qb6 20. e3 Ne6 21. Na4 Qc7 22. Bxg7 Kxg7 23. f4 Nec5 24. Nc3 Rd8 25. Qf2 e5 26. Qf3 Rbc8 27. Rd2 f5 28. e4 fxe4 29. Nxe4 Nxe4 30. Qxe4 Nf6 31. Qe3 e4 32. Rbd1 d5 33. Qc3 Qe7 34. Qxa5 e3 35. Re2 d4 36. Rd3 Ne4 37. Kh2 Nc5 38. Rd1 d3 39. Ree1 Ra8 40. Qc3+ Kh7 41. b4 e2 42. Rd2 Ne4 43. Bxe4 Qxe4 44. b5 cxb5 45. cxb5 Rac8 46. Qf6 Qe3 47. Qf7+ Kh6 48. Rb2 d2 0-1


[Site "https://www.chess.com"]

[Event "Titled Tuesday Blitz July 6 2021"]
[White "Afanasiev, Nikita"]
[Black "Lodici, Lorenzo"]
[WhiteFideId "24183555"]
[BlackFideId "884189"]
[WhiteElo "2521"]
[BlackElo "2265"]
[Result "1-0"]
[Round "09"]
[TimeControl "180+1"]
[Date "2021.07.06"]
[WhiteClock "0:00:10"]
[BlackClock "0:00:02"]

1. e4 e5 2. f4 exf4 3. Nf3 d6 4. d4 g5 5. Bc4 h6 6. Nc3 Bg7 7. h4 g4 8. Ng1 Nc6 9. Nce2 Nf6 10. Bd3 Qe7 11. Nxf4 Nxd4 12. Nge2 Nxe2 13. Qxe2 Bd7 14. Bd2 O-O-O 15. O-O-O Rde8 16. Bc3 h5 17. Kb1 Rhg8 18. Rde1 Bc6 19. Rhf1 Bxe4 20. Nxh5 Nxh5 21. Bxe4 Bxc3 22. bxc3 d5 23. Bf5+ Kd8 24. Qb5 Qxe1+ 25. Rxe1 Rxe1+ 26. Kb2 Nf6 27. Qxb7 Rge8 28. Qxa7 R8e5 29. Qb8+ Ke7 30. Qxc7+ Kf8 31. Bd3 Re7 32. Qf4 Rb7+ 33. Ka3 Re6 34. Qa4 Kg7 35. h5 Ree7 36. h6+ Kf8 37. Qf4 1-0


[Site "https://www.chess.com"]

[Event "Titled Tuesday Blitz July 6 2021"]
[White "AleksanderHnydiuk"]
[Black "Quintiliano Pinto, Renato R."]
[BlackFideId "2117568"]
[WhiteElo "2538"]
[BlackElo "2439"]
[Result "1-0"]
[Round "09"]
[TimeControl "180+1"]
[Date "2021.07.06"]
[WhiteClock "0:01:24"]
[BlackClock "0:00:01"]

1. d4 Nf6 2. c4 e6 3. g3 d5 4. Nf3 Be7 5. Bg2 O-O 6. Qc2 c5 7. O-O dxc4 8. dxc5 Bxc5 9. Qxc4 Nbd7 10. Nc3 a6 11. Qb3 Rb8 12. Bf4 Ra8 13. Rac1 Qe7 14. Rfd1 h6 15. Na4 Ba7 16. Bd6 Qe8 17. e3 b5 18. Nc3 Bb7 19. a4 Nc5 20. Qa3 Nfd7 21. axb5 axb5 22. Qb4 Bc6 23. Nd4 Bxg2 24. Kxg2 Bb6 25. Qxb5 Ra5 26. Qe2 Qa8+ 27. Qf3 Ra6 28. Bxf8 1-0


[Site "https://www.chess.com"]

[Event "Titled Tuesday Blitz July 6 2021"]
[White "Arabidze, Meri"]
[Black "Pakleza, Zbigniew"]
[WhiteFideId "13604040"]
[BlackFideId "1119290"]
[WhiteElo "2432"]
[BlackElo "2526"]
[Result "1-0"]
[Round "09"]
[TimeControl "180+1"]
[Date "2021.07.06"]
[WhiteClock "0:00:18"]
[BlackClock "0:00:05"]

1. d4 d6 2. Nf3 Bg4 3. c4 c6 4. Nc3 Nd7 5. e3 e5 6. Be2 Ngf6 7. h3 Bh5 8. O-O Be7 9. b4 O-O 10. b5 Qc7 11. Bb2 Rfe8 12. a4 Rac8 13. Rc1 Qa5 14. Nh4 Bxe2 15. Nxe2 Bf8 16. Nf5 Qc7 17. Ba3 e4 18. c5 dxc5 19. dxc5 Qe5 20. Nd6 Bxd6 21. Qxd6 Qxd6 22. cxd6 c5 23. Nf4 Red8 24. Rfd1 Kf8 25. a5 b6 26. Bb2 Rb8 27. Ra1 Rdc8 28. g4 h6 29. axb6 axb6 30. Ra7 Ra8 31. Rda1 Rxa7 32. Rxa7 c4 33. Rc7 Ra8 34. Rxc4 g5 35. Nh5 Ne8 36. Rc6 Ra2 37. Bd4 Ra5 38. Rc8 Rxb5 39. Bg7+ Kg8 40. Rxe8+ Kh7 41. Rh8+ Kg6 42. Bd4 f6 43. Rd8 Nc5 44. Bxc5 Rxc5 45. d7 Rd5 46. Rg8+ Kf7 47. d8=Q Rxd8 48. Rxd8 1-0


[Site "https://www.chess.com"]

[Event "Titled Tuesday Blitz July 6 2021"]
[White "Arutinian, David"]
[Black "Zhuravlev, Alexey"]
[WhiteFideId "13601741"]
[BlackFideId "4164199"]
[WhiteElo "2525"]
[BlackElo "2471"]
[Result "0-1"]
[Round "09"]
[TimeControl "180+1"]
[Date "2021.07.06"]
[WhiteClock "0:00:16"]
[BlackClock "0:00:19"]

1. Nf3 Nf6 2. c4 g6 3. Nc3 Bg7 4. e4 d6 5. d4 O-O 6. Be2 e5 7. O-O Nc6 8. d5 Ne7 9. Ne1 Nd7 10. Be3 f5 11. f3 f4 12. Bf2 g5 13. Rc1 Ng6 14. Nb5 b6 15. b4 Nf6 16. c5 g4 17. cxd6 cxd6 18. Rc6 g3 19. hxg3 fxg3 20. Bxg3 Nh5 21. Bh2 Bh6 22. g4 Be3+ 23. Kh1 Qh4 24. Nd3 Ng3+ 25. Kg2 Nxf1 26. Bxf1 Nf4+ 27. Kh1 Nxd3 28. Qxd3 Rxf3 29. Rc2 Bxg4 30. Nxd6 Raf8 31. Nf5 Bxf5 32. exf5 R8xf5 33. Bg2 Qe1+ 0-1


[Site "https://www.chess.com"]

[Event "Titled Tuesday Blitz July 6 2021"]
[White "Ashiev, Eduard"]
[Black "Gracia Alvarez, Gerardo Antonio"]
[WhiteFideId "4130090"]
[BlackFideId "5109124"]
[WhiteElo "2106"]
[BlackElo "2148"]
[Result "0-1"]
[Round "09"]
[TimeControl "180+1"]
[Date "2021.07.06"]
[WhiteClock "0:00:10"]
[BlackClock "0:01:19"]

1. d4 Nf6 2. Nf3 g6 3. c4 c5 4. e3 Bg7 5. Nc3 O-O 6. Be2 cxd4 7. exd4 d5 8. O-O Nc6 9. h3 Be6 10. c5 Ne4 11. Be3 Nxc5 12. dxc5 d4 13. Bd2 dxc3 14. Bxc3 Bxc3 15. bxc3 Qa5 16. Rb1 Rfd8 17. Qc1 Rd7 18. Qh6 f6 19. Rfe1 Qxc5 20. Bb5 Bxa2 21. Rb2 Bd5 22. Bxc6 Bxc6 23. Nd4 Qxc3 24. Rd1 Rxd4 0-1


[Site "https://www.chess.com"]

[Event "Titled Tuesday Blitz July 6 2021"]
[White "Assaubayeva, Bibisara"]
[Black "Koellner, Ruben Gideon"]
[WhiteFideId "13708694"]
[BlackFideId "12993093"]
[WhiteElo "2232"]
[BlackElo "2556"]
[Result "1-0"]
[Round "09"]
[TimeControl "180+1"]
[Date "2021.07.06"]
[WhiteClock "0:00:11"]
[BlackClock "0:00:02"]

1. d4 d6 2. e4 Nf6 3. Nc3 e5 4. Nf3 Nbd7 5. Bc4 Be7 6. O-O c6 7. h3 h6 8. a4 Qc7 9. Be3 Nf8 10. a5 g5 11. a6 b5 12. Be2 Ng6 13. b4 Bd7 14. d5 Rb8 15. dxc6 Bxc6 16. Nd5 Nxd5 17. exd5 Bd7 18. Rc1 Qc8 19. c4 bxc4 20. Bxc4 Rxb4 21. Bb5 Qd8 22. Bc6 Qb8 23. Qc2 Bxc6 24. Qxc6+ Kf8 25. Qd7 Kg7 26. Bxa7 Qe8 27. Qc7 Qb5 28. Rc6 Qxd5 29. Be3 Ra4 30. a7 Ra8 31. Qb7 R8xa7 32. Bxa7 Rxa7 33. Qxa7 Qxc6 34. Rd1 d5 35. Nxe5 Nxe5 36. Qxe7 Ng6 37. Qd8 Qf6 38. Qxf6+ Kxf6 39. Rxd5 Nf4 40. Ra5 Kg7 41. Kh2 Ng6 42. g3 Ne7 43. Kg2 Nf5 44. Rxf5 1-0


[Site "https://www.chess.com"]

[Event "Titled Tuesday Blitz July 6 2021"]
[White "Bartel, Michal"]
[Black "Shahade, Gregory"]
[WhiteFideId "1119257"]
[BlackFideId "2009064"]
[WhiteElo "2271"]
[BlackElo "2719"]
[Result "1/2-1/2"]
[Round "09"]
[TimeControl "180+1"]
[Date "2021.07.06"]
[WhiteClock "0:02:23"]
[BlackClock "0:01:01"]

1. e4 e5 2. Nc3 Nf6 3. g3 d5 4. exd5 Nxd5 5. Bg2 Nxc3 6. bxc3 Nc6 7. Ne2 Bc5 8. Rb1 O-O 9. O-O Re8 10. d3 f6 11. h3 Be6 12. Rxb7 Qd7 13. d4 exd4 14. cxd4 Nxd4 15. Nxd4 Bxd4 16. Bf4 Bb6 17. Qxd7 Bxd7 18. Rxb6 axb6 19. Bxa8 Rxa8 20. Bxc7 b5 21. Rd1 Bxh3 22. Rd8+ Rxd8 23. Bxd8 Kf7 24. f4 Ke6 25. c3 Kd5 26. Kf2 Kc4 27. Ba5 Kd3 28. Bb4 Be6 29. a3 h5 30. Bf8 g6 31. Be7 1/2-1/2


[Site "https://www.chess.com"]

[Event "Titled Tuesday Blitz July 6 2021"]
[White "Bluebaum, Matthias"]
[Black "Abdurakhmonov, Mukhammadali"]
[WhiteFideId "24651516"]
[BlackFideId "14207346"]
[WhiteElo "2685"]
[BlackElo "2266"]
[Result "1/2-1/2"]
[Round "09"]
[TimeControl "180+1"]
[Date "2021.07.06"]
[WhiteClock "0:02:15"]
[BlackClock "0:02:05"]

1. d4 Nf6 2. c4 g6 3. Nc3 d5 4. Bg5 Ne4 5. Bf4 Nxc3 6. bxc3 c5 7. e3 Bg7 8. Nf3 Nc6 9. cxd5 Qxd5 10. Be2 cxd4 11. cxd4 Qa5+ 12. Qd2 Be6 13. Qxa5 Nxa5 14. O-O O-O 15. e4 Rfc8 16. Rac1 Bxa2 17. d5 Bc4 18. Bxc4 Nxc4 19. e5 a5 1/2-1/2


[Site "https://www.chess.com"]

[Event "Titled Tuesday Blitz July 6 2021"]
[White "Boidiya, Sidi"]
[Black "Bach, Matthias"]
[WhiteFideId "19600100"]
[BlackFideId "4603168"]
[WhiteElo "2113"]
[BlackElo "2213"]
[Result "0-1"]
[Round "09"]
[TimeControl "180+1"]
[Date "2021.07.06"]
[WhiteClock "0:00:13"]
[BlackClock "0:00:10"]

1. e4 c5 2. Nc3 a6 3. g3 b5 4. Bg2 Bb7 5. d3 e6 6. h3 Nc6 7. Nge2 g5 8. Be3 h6 9. Qd2 d6 10. d4 cxd4 11. Nxd4 Bg7 12. O-O-O Ne5 13. b3 Ne7 14. Kb1 Rc8 15. f4 N5c6 16. fxg5 hxg5 17. Nce2 Qc7 18. Rc1 Nxd4 19. Nxd4 Qc3 20. Rcd1 Be5 21. g4 Qxd2 22. Rxd2 Bf4 23. Bxf4 gxf4 24. Ne2 Ng6 25. Rxd6 Ke7 26. Rhd1 Rc7 27. Ng1 Nh4 28. Bf3 Nxf3 29. Nxf3 Rxh3 30. Ne5 Bxe4 31. R6d2 f3 32. Rd7+ Kf6 33. Rxc7 Kxe5 34. Rxf7 Rh2 35. Rc1 Bd5 36. Kb2 Ke4 37. g5 e5 38. g6 Bxf7 39. gxf7 Rh8 40. Re1+ Kf4 41. c4 bxc4 42. bxc4 Rf8 43. Kc3 Rxf7 44. Kb4 e4 45. c5 e3 46. Kc4 f2 47. Rd1 e2 48. Rd4+ Kg3 49. c6 e1=Q 50. Rd7 f1=Q+ 51. Kc5 Rxd7 52. cxd7 Qc3+ 53. Kd6 Qf8+ 54. Ke6 Qd8 55. a4 Qc6+ 56. Ke5 Qdxd7 57. a5 Qdd5# 0-1


[Site "https://www.chess.com"]

[Event "Titled Tuesday Blitz July 6 2021"]
[White "Borisova, Ekaterina"]
[Black "Novikov, Evgenij"]
[WhiteFideId "34124184"]
[BlackFideId "4125380"]
[WhiteElo "2021"]
[BlackElo "2242"]
[Result "1/2-1/2"]
[Round "09"]
[TimeControl "180+1"]
[Date "2021.07.06"]
[WhiteClock "0:00:21"]
[BlackClock "0:00:07"]

1. e4 c6 2. d4 d5 3. Nc3 g6 4. f3 Bg7 5. Be3 e6 6. Qd2 Nd7 7. h4 h6 8. O-O-O Nb6 9. Kb1 Ne7 10. g4 Bd7 11. Nh3 Nc4 12. Bxc4 dxc4 13. f4 Qc7 14. Rhg1 a5 15. f5 O-O-O 16. e5 exf5 17. gxf5 Nxf5 18. Ne4 Nxe3 19. Qxe3 Kb8 20. Nd6 Be6 21. Nf4 Bd5 22. Nxd5 cxd5 23. Rdf1 Rd7 24. h5 g5 25. Qf3 Qc6 26. c3 Rhd8 27. Re1 b5 28. Nxf7 Rf8 29. e6 Re7 30. Qf5 b4 31. Ka1 Kb7 32. Qg6 Bh8 33. Rgf1 a4 34. Qxh6 Rfxf7 35. Rxf7 Rxf7 36. Qxh8 Re7 37. Qe5 a3 38. bxa3 bxc3 39. Qe2 Qa4 40. h6 Qxa3 41. Rb1+ Kc6 42. h7 Rxh7 43. Qc2 Ra7 44. Re1 Qe7 45. Qxc3 Qd6 46. Qf3 Re7 47. Qf5 Qb4 48. Rc1 c3 49. Qd3 Rxe6 50. Rxc3+ Kd7 51. Rc1 Re4 52. Rd1 Qc4 53. Qxc4 dxc4 54. Kb2 Kd6 55. Kc3 Kd5 56. Rg1 Re3+ 57. Kc2 Kxd4 58. Rxg5 Re2+ 59. Kc1 Rxa2 60. Rg3 Kc5 61. Rh3 Kb4 62. Rg3 Ra1+ 63. Kc2 Rf1 64. Rh3 c3 65. Rh4+ Kc5 66. Kxc3 Rf3+ 67. Kc2 Rf5 68. Rg4 Rd5 69. Rg3 Rd4 70. Rc3+ Rc4 71. Rxc4+ Kxc4 1/2-1/2


[Site "https://www.chess.com"]

[Event "Titled Tuesday Blitz July 6 2021"]
[White "Ciorgovean, Iustin"]
[Black "Pruijssers, Roeland"]
[WhiteFideId "1242911"]
[BlackFideId "1013068"]
[WhiteElo "2075"]
[BlackElo "2545"]
[Result "0-1"]
[Round "09"]
[TimeControl "180+1"]
[Date "2021.07.06"]
[WhiteClock "0:00:08"]
[BlackClock "0:00:32"]

1. d4 f5 2. g3 Nf6 3. Bg2 g6 4. Nf3 Bg7 5. O-O O-O 6. b3 Ne4 7. Bb2 Nc6 8. Nbd2 d6 9. Ne1 d5 10. Ndf3 a5 11. Nd3 a4 12. e3 a3 13. Bc1 b6 14. c4 Ba6 15. Qc2 dxc4 16. bxc4 Na5 17. Nfe5 c5 18. d5 Nxc4 19. Nc6 Qc7 20. Rb1 e6 21. Nf4 Rfe8 22. f3 Nc3 23. e4 Nxb1 24. Qxb1 e5 25. Nh3 Nd6 26. Re1 Bb7 27. Ng5 h6 28. Nh3 Bxc6 29. dxc6 Qxc6 30. Rd1 Nb5 31. exf5 gxf5 32. Qxf5 Rad8 33. Re1 Nd4 34. Qd3 c4 35. Qb1 b5 36. Nf2 Qb6 37. Ne4 Nxf3+ 0-1


[Site "https://www.chess.com"]

[Event "Titled Tuesday Blitz July 6 2021"]
[White "Costachi, Mihnea"]
[Black "Elgersma, Onno"]
[WhiteFideId "1217518"]
[BlackFideId "1053531"]
[WhiteElo "2482"]
[BlackElo "2504"]
[Result "1-0"]
[Round "09"]
[TimeControl "180+1"]
[Date "2021.07.06"]
[WhiteClock "0:00:11"]
[BlackClock "0:00:25"]

1. Nf3 Nf6 2. d4 d5 3. c4 e6 4. Nc3 a6 5. cxd5 exd5 6. Bg5 Be6 7. Qc2 Bd6 8. e3 O-O 9. Bd3 h6 10. Bh4 Nbd7 11. O-O Re8 12. Bg3 Qe7 13. Rab1 Rac8 14. a3 c6 15. b4 b5 16. Ne2 Nb6 17. Bxd6 Qxd6 18. Ne5 Nc4 19. Bxc4 dxc4 20. Nc3 a5 21. f4 axb4 22. axb4 Nd5 23. Ne4 Qf8 24. Qd2 Bf5 25. Nc5 Bxb1 26. Rxb1 f6 27. Ng6 Qf7 28. f5 Nxe3 29. Qf2 c3 30. Rc1 c2 31. Nf4 Nd1 32. Qd2 Qc4 33. Nce6 Qc3 34. Qxc3 Nxc3 35. Rxc2 Nd5 36. Nxd5 cxd5 37. Rc5 Rxc5 38. dxc5 Rxe6 39. fxe6 Kf8 40. c6 1-0


[Site "https://www.chess.com"]

[Event "Titled Tuesday Blitz July 6 2021"]
[White "Daianu, Cristian-Clement"]
[Black "Villegas, Pierre"]
[WhiteFideId "1208926"]
[BlackFideId "654183"]
[WhiteElo "2133"]
[BlackElo "2411"]
[Result "1-0"]
[Round "09"]
[TimeControl "180+1"]
[Date "2021.07.06"]
[WhiteClock "0:00:30"]
[BlackClock "0:00:03"]

1. e4 c6 2. d4 d5 3. f3 Qb6 4. a4 e6 5. a5 Qc7 6. Bd3 Nf6 7. e5 Nfd7 8. f4 c5 9. c3 Nc6 10. Nf3 g6 11. O-O c4 12. Bc2 Nxa5 13. Ng5 Be7 14. Nd2 Nf8 15. Ndf3 Nc6 16. Be3 Bd7 17. Kh1 h6 18. Nh3 O-O-O 19. b3 cxb3 20. Bxb3 Na5 21. Ba4 Kb8 22. Nf2 Nc4 23. Bd2 Nb2 24. Qc2 Nxa4 25. Rxa4 Bxa4 26. Qxa4 Qc6 27. Qa5 Nd7 28. Ra1 a6 29. Nd3 Nb6 30. Rb1 Nc4 31. Qa1 Ka7 32. Nb4 Bxb4 33. Rxb4 b5 34. Be1 a5 35. Rb1 Rb8 36. Nd2 a4 37. Nxc4 dxc4 38. Bd2 g5 39. Qa3 gxf4 40. Bxf4 Rhg8 41. Qa2 Qe4 42. Bg3 h5 43. Re1 Qd5 44. Qf2 Rg7 45. Qf6 Rxg3 46. hxg3 a3 47. Qe7+ Qb7 48. Qxa3+ Kb6 49. Qc5+ Ka6 50. Ra1# 1-0


[Site "https://www.chess.com"]

[Event "Titled Tuesday Blitz July 6 2021"]
[White "Dang, Hoang Son"]
[Black "Yandarbiev, Ruslan"]
[WhiteFideId "12402435"]
[BlackFideId "4115023"]
[WhiteElo "2248"]
[BlackElo "2114"]
[Result "1-0"]
[Round "09"]
[TimeControl "180+1"]
[Date "2021.07.06"]
[WhiteClock "0:01:34"]
[BlackClock "0:00:13"]

1. g3 Nf6 2. Bg2 g6 3. Nf3 Bg7 4. O-O O-O 5. d3 d5 6. d4 c5 7. c4 cxd4 8. cxd5 Nxd5 9. Nxd4 Nc6 10. Nxc6 bxc6 11. Qa4 Bd7 12. Qh4 e5 13. Bg5 f6 14. Bd2 Qb6 15. Nc3 Be6 16. b3 Rad8 17. Na4 Qb5 18. Rfe1 a5 19. Rac1 Rd6 20. Rc5 Qb7 21. Rxa5 Bf7 22. Nc5 Qc7 23. Qa4 Nb6 24. Qb4 Nd5 25. Qb7 Rc8 26. Qxc7 Rxc7 27. Ra8+ 1-0


[Site "https://www.chess.com"]

[Event "Titled Tuesday Blitz July 6 2021"]
[White "Deviprasath, Sharvesh"]
[Black "Leitao, Rafael"]
[WhiteFideId "30938228"]
[BlackFideId "2101246"]
[WhiteElo "2102"]
[BlackElo "2609"]
[Result "0-1"]
[Round "09"]
[TimeControl "180+1"]
[Date "2021.07.06"]
[WhiteClock "0:01:42"]
[BlackClock "0:01:53"]

1. Nf3 Nf6 2. c4 g6 3. Nc3 Bg7 4. e4 d6 5. d4 O-O 6. h3 e5 7. dxe5 dxe5 8. Qxd8 Rxd8 9. Bg5 c6 10. Nxe5 Re8 11. O-O-O Na6 12. Nf3 Nc5 13. Bd3 Be6 14. Rhe1 Nxd3+ 15. Rxd3 Bxc4 16. Rd4 Be6 17. Nd2 Nd7 18. Rd3 Nc5 19. Rg3 h6 20. Be3 Nd3+ 0-1


[Site "https://www.chess.com"]

[Event "Titled Tuesday Blitz July 6 2021"]
[White "Dobre, Claudiu-Cristian"]
[Black "Vlassov, Nikolai"]
[WhiteFideId "1211854"]
[BlackFideId "4103360"]
[WhiteElo "2259"]
[BlackElo "2407"]
[Result "0-1"]
[Round "09"]
[TimeControl "180+1"]
[Date "2021.07.06"]
[WhiteClock "0:00:02"]
[BlackClock "0:00:17"]

1. c4 f5 2. Nf3 d6 3. g3 e5 4. d3 Nc6 5. Bg2 h6 6. e4 Nf6 7. O-O g5 8. exf5 Bxf5 9. d4 Bg4 10. dxe5 dxe5 11. Qa4 Qd7 12. Nc3 O-O-O 13. Be3 Bxf3 14. Bxf3 Nd4 15. Qxd7+ Rxd7 16. Be4 Bb4 17. f3 Bxc3 18. bxc3 Ne2+ 19. Kf2 Nxe4+ 20. Kxe2 Nxc3+ 21. Kf2 Rhd8 22. a4 Nd1+ 23. Ke2 Nxe3 24. Kxe3 Rd2 25. h4 gxh4 26. gxh4 R2d4 27. Rac1 Rxh4 28. Rh1 Rdd4 29. Rxh4 Rxh4 30. c5 Rxa4 31. Rh1 Rc4 32. Rxh6 Rxc5 33. Rh7 b5 34. Ke4 b4 35. Rh2 b3 36. Rb2 Rb5 37. Kd3 a5 38. Kc3 a4 39. Rb1 Kb7 40. Kb2 Kb6 41. Re1 Ka5 42. Ka3 Rd5 43. Re4 Rd4 44. Rxe5+ Kb6 45. Rf5 c5 46. f4 c4 47. Kxa4 b2 48. Rb5+ Kc6 49. Ka5 c3 50. Rb3 Rc4 51. Rb8 c2 0-1


[Site "https://www.chess.com"]

[Event "Titled Tuesday Blitz July 6 2021"]
[White "Dubov, Daniil"]
[Black "Lortkipanidze, Nodar"]
[WhiteFideId "24126055"]
[BlackFideId "13604058"]
[WhiteElo "2722"]
[BlackElo "2312"]
[Result "1-0"]
[Round "09"]
[TimeControl "180+1"]
[Date "2021.07.06"]
[WhiteClock "0:01:29"]
[BlackClock "0:00:09"]

1. d4 e6 2. Nf3 b6 3. e4 Bb7 4. Bd3 Nf6 5. Qe2 d5 6. e5 Ng8 7. O-O Ne7 8. a4 Nec6 9. c3 a5 10. Ng5 g6 11. f4 Ba6 12. Nd2 Bxd3 13. Qxd3 Qe7 14. Ndf3 h6 15. Nh3 Nd7 16. Bd2 Bg7 17. Be1 O-O 18. Bh4 Qe8 19. Rae1 Ne7 20. g4 c5 21. Kh1 cxd4 22. cxd4 Rc8 23. Bxe7 Qxe7 24. f5 exf5 25. gxf5 Rfe8 26. Nf4 Qb4 27. fxg6 fxg6 28. Qxg6 Nf8 29. Qg4 Rcd8 30. Rg1 Re7 31. Nh4 Qd2 32. Nf5 h5 1-0


[Site "https://www.chess.com"]

[Event "Titled Tuesday Blitz July 6 2021"]
[White "Eternauta2400"]
[Black "Bon, Michael"]
[BlackFideId "620696"]
[WhiteElo "2490"]
[BlackElo "2421"]
[Result "1-0"]
[Round "09"]
[TimeControl "180+1"]
[Date "2021.07.06"]
[WhiteClock "0:00:05"]
[BlackClock "0:00:01"]

1. d4 d5 2. c4 Nc6 3. Nc3 dxc4 4. d5 Ne5 5. f4 Ng4 6. h3 N4f6 7. e4 e6 8. Bxc4 exd5 9. exd5 Bc5 10. Nf3 Ne7 11. Ne5 O-O 12. Qf3 a6 13. a4 Rb8 14. a5 c6 15. dxc6 Nxc6 16. Be3 Nd4 17. Bxd4 Bxd4 18. O-O-O b5 19. Bxf7+ Rxf7 20. Nxf7 Kxf7 21. Qd3 Qxa5 22. Qxd4 Bf5 23. Qa7+ Kg6 24. Qxb8 Qa1+ 25. Kd2 Qxb2+ 26. Ke1 Qxc3+ 27. Kf1 Ne4 28. Rd6+ Kh5 29. g4+ Kh4 30. Qd8+ g5 31. Rh6+ Kg3 32. Rg1+ Kf3 33. Qd1+ Ke3 34. Qe1+ Qxe1+ 35. Kxe1 Bd7 36. f5 b4 37. Rb6 Bb5 38. f6 1-0


[Site "https://www.chess.com"]